 Dungeon Crawl Stone Soup version 0.29.1-14-g9c671dbff4 (webtiles) character file.

Game seed: 11640883930413177831

270 Thatpatchoflichen the Trooper (level 6, -1/47 (48) HPs)
             Began as a Demonspawn Fighter on Feb 17, 2023.
             Slain by an adder (3 damage)
             ... on level 4 of the Dungeon.
             The game lasted 00:06:05 (4711 turns).

Thatpatchoflichen the Trooper (Demonspawn Fighter)  Turns: 4711, Time: 00:06:05

HP:   -1/47 (48)    AC:  0    Str: 19    XL:     6   Next: 1%
MP:   6/6           EV:  9    Int:  9    God:
Gold: 225           SH:  5    Dex: 12    Spells: 5/5 levels left

rFire   . . .      SeeInvis .   a - +0 war axe
rCold   . . .      Faith    .   c - +0 buckler
rNeg    . . .      Spirit   .   b - +0 scale mail
rPois   .          Reflect  .   (no helmet)
rElec   .          Harm     .   (no cloak)
rCorr   .          Rampage  .   (no gloves)
Will    .....                   (no boots)
Stlth   ..........              (no amulet)
HPRegen 0.15/turn               (no ring)
MPRegen 0.10/turn               (no ring)

@: lethally poisoned (-1 -> -5), corroded, lightly drained
A: claws 1
a: no special abilities


You were on level 4 of the Dungeon.
You visited 1 branch of the dungeon, and saw 4 of its levels.

You collected 225 gold pieces.

Inventory:

Hand Weapons
 a - a +0 war axe (weapon)
Missiles
 g - 8 boomerangs (quivered)
 j - a throwing net
 n - 4 datura-tipped darts
 q - 6 poisoned darts
Armour
 b - a +0 scale mail (worn)
 c - a +0 buckler (worn)
Scrolls
 f - a scroll of fog {unknown}
 i - 4 scrolls of enchant weapon {unknown}
 l - a scroll of blinking {unknown}
 o - 2 scrolls of acquirement {unknown}
 r - a scroll of enchant armour {unknown}
Potions
 d - 2 potions of might
 e - 2 potions of heal wounds {unknown}
 h - 2 potions of mutation {unknown}
 k - 2 potions of curing {unknown}
 m - a potion of degeneration {unknown}
 p - a potion of lignification {unknown}
 s - a potion of brilliance {unknown}


   Skills:
 - Level 4.0 Fighting
 + Level 3.2 Axes
 + Level 3.9 Armour
 - Level 4.0 Shields


You had 5 spell levels left.
You didn't know any spells.
Your spell library contained the following spells:

 Spells                   Type           Power      Damage    Failure   Level
 Blink                    Tloc           0%         N/A       93%         2
 Conjure Flame            Conj/Fire      0%         6-21      99%         3
 Ignite Poison            Fire/Tmut/Pois 0%         N/A       99%         3
 Lesser Beckoning         Tloc           0%         N/A       99%         3
 Sticky Flame             Conj/Fire      0%         2d3       100%        4
 Manifold Assault         Tloc           0%         N/A       100%        5


Dungeon Overview and Level Annotations

Branches:
Dungeon (4/15)
 Temple: D:4-7

Altars:

Annotations:
D:3 1 runed translucent door, Crazy Yiuf


Innate Abilities, Weirdness & Mutations

You have sharp fingernails.


Message History

s - a sedimented yellow potion You now have 225 gold pieces (gained 9).
Found a leather armour.
Found 6 stones.
An endoplasm comes into view.
Found 5 gold pieces.
The endoplasm quivers.
An endoplasm is nearby!
You hit the endoplasm.
You kill the endoplasm!
An adder comes into view.
You see here a viscous sapphire potion.
An adder is nearby!
You barely miss the adder. The adder bites you.
The adder completely misses you.
A jelly comes into view.
The jelly quivers.
The adder bites you but does no damage. You block the adder's attack.
The adder bites you but does no damage.
You hit the adder but do no damage. The adder bites you.
You are poisoned.
The adder poisons you! The adder barely misses you.
You closely miss the adder.
You feel sick. The adder barely misses you.
You miss the adder.
You feel sick. The adder bites you but does no damage.
The adder barely misses you. The jelly hits you. The acid corrodes you!
You are splashed with acid!
You closely miss the adder. You hit the jelly but do no damage.
Your claws burn!
You feel sick. The adder bites you.
You are more poisoned.
The adder poisons you! The jelly hits you but does no damage.
The adder barely misses you.
You closely miss the adder. You slash the jelly!
Your claws burn!
You feel sick. The adder bites you but does no damage. The jelly hits you.
* * * LOW HITPOINT WARNING * * *
The acid corrodes you!
You are splashed with acid!
* * * LOW HITPOINT WARNING * * *
You miss the adder. You completely miss the jelly.
* * * LOW HITPOINT WARNING * * *
You feel sick. The adder bites you.
You die...

#.#####.#.####.
....)............
..............#.#
#.#..#####<...#.# #.#.
# #......# .##### ...
.# #....### #.....##.#
.# ###.....
#......J.##.# #..###
#......@....#######..#
#.#####S.........[...#
#.#####...#########.##
#..$.....!# #.#
#######..## #######.#
.........# #.......#
#######.## #.#######
#.#####.# #....##.#


You could see a jelly and an adder.

Vanquished Creatures
  A necrophage (D:4)
  An iguana (D:4)
  5 gnolls
  4 adders
  A worm (D:2)
  A dart slug (D:3)
  9 orcs
  6 bats
  7 endoplasms
  5 giant cockroaches
  8 goblins
  5 hobgoblins
  7 jackals
  9 kobolds
  2 quokkas
  7 ball pythons
  2 frilled lizards (D:3)
  5 rats
85 creatures vanquished.

Vanquished Creatures (others)
  A plant (D:3)
  2 withered plants (D:3)
3 creatures vanquished.

Grand Total: 88 creatures vanquished

Notes
Turn   | Place    | Note
-------+----------+-------------------------------------------
     0 | D:1      | Thatpatchoflichen the Demonspawn Fighter began the quest
                  | for the Orb.
     0 | D:1      | Reached XP level 1. HP: 18/18 MP: 1/1
   130 | D:1      | Gained mutation: You have sharp fingernails. [demonic
                  | ancestry]
   130 | D:1      | Reached XP level 2. HP: 24/24 MP: 2/2
  1432 | D:2      | Reached XP level 3. HP: 28/29 MP: 3/3
  2157 | D:2      | Reached XP level 4. HP: 31/32 MP: 4/4
  3080 | D:3      | Reached XP level 5. HP: 42/42 MP: 5/5
  3314 | D:3      | Found a faded altar of an unknown god.
  3898 | D:3      | Found a runed translucent door.
  3899 | D:3      | Noticed Crazy Yiuf
  4512 | D:4      | Reached XP level 6. HP: 38/47 MP: 6/6
  4711 | D:4      | HP: 2/47 [poisoned by an adder]
  4711 | D:4      | Slain by an adder

Illustrated notes

Levels and vault maps discovered:
D:1:      giann_forest_graveyard, layout_loops_ring, wad_floor_pattern_2,
          glass_columns_a
D:2:      layout_basic, minmay_misc_feat_room, cheibrodos_gnoll_hut
D:3:      layout_loops_corners, shapermc_ecumenical_altar_flowoftime,
          uniq_crazy_yiuf_cottage
D:4:      layout_loops_ring, minmay_temple_entry_enclosed_plants

Skill      XL: |  1  2  3  4  5 |
---------------+----------------+-----
Axes           | 2 3 |  3.2
Armour         | 3 |  3.9
Shields        | 3 4 |  4.0
Fighting       | 4 |  4.0

Action                   |  1- 3 |  4- 6 || total
-------------------------+-------+-------++-------
Melee: War axe           |   111 |   171 ||   282
Armor: Scale mail        |    87 |    74 ||   161
Dodge: Dodged            |    54 |    79 ||   133
Block: Buckler           |    28 |    41 ||    69
